 Dungeon Crawl Stone Soup version 0.31-a0-267-g3fc6992b3b (webtiles) character file.

Game seed: 2212140142162235763

1018 qw the Shooter (level 8, -4/48 HPs)
             Began as a Gargoyle Hexslinger on July 13, 2023.
             Was a Follower of Okawaru.
             Slain by a gnoll bouda
             ... wielding a +0 halberd
              (9 damage)
             ... on level 5 of the Dungeon.
             The game lasted 00:01:50 (4056 turns).

qw the Shooter (Gargoyle Hexslinger)                Turns: 4056, Time: 00:01:50

Health: -4/48      AC: 12    Str: 13    XL:     8   Next: 22%
Magic:  8/10       EV: 13    Int: 13    God:    Okawaru [*.....]
Gold:   73         SH:  0    Dex: 14    Spells: 8/9 levels left

rFire   . . .        Y - +2 sling
rCold   . . .        (no shield)
rNeg    + . .        f - +0 ring mail
rPois   inf          (no helmet)
rElec   +            (no cloak)
rCorr   .            (no gloves)
SInv    .            (no boots)
Will    .....        (no amulet)
Stlth   ++           (no ring)
HPRegen 0.28/turn    (no ring)
MPRegen 0.12/turn

%: no passive effects
@: heroic, weakened
A: sickness immunity, AC +5, negative energy resistance 1, electricity
resistance, torment resistance 1, petrification resistance
a: Renounce Religion, Heroism


You were on level 5 of the Dungeon.
You worshipped Okawaru.
Okawaru was aware of your devotion.
You visited 1 branch of the dungeon, and saw 5 of its levels.

You collected 238 gold pieces.
You spent 165 gold pieces at shops.


Innate Abilities, Weirdness & Mutations

You are immune to sickness and miasma.
Your stone body is resilient. (AC +5)
You are immune to poison.
You resist negative energy. (rN+)
You are resistant to electric shocks. (rElec)
You are resistant to unholy torment.
You are immune to petrification.


   Skills:
 - Level 4.1(9.1) Fighting
 + Level 7.9(12.9) Ranged Weapons
 - Level 1.7(6.7) Armour
 - Level 1.5(6.5) Dodging
 - Level 1.0 Spellcasting
 - Level 2.6 Hexes
 + Level 3.1 Invocations


You had 8 spell levels left.
You knew the following spells:

 Your Spells              Type           Power      Damage    Failure   Level
a - Slow                  Hex            28%        N/A       19%         1

Your spell library contained the following spells:

 Spells                   Type           Power      Damage    Failure   Level
 Inner Flame              Hex/Fire       4%         N/A       67%         3
 Portal Projectile        Hex/Tloc       8%         N/A       67%         3
 Cause Fear               Hex            3%         N/A       87%         4

Inventory:

Hand Weapons
 Y - a +2 sling (weapon)
Armour
 d - a +2 leather armour of positive energy
 f - a +0 ring mail (worn)
 l - a +2 robe of fire resistance
Scrolls
 c - a scroll of torment {unknown}
 e - a scroll of identify
Potions
 a - a potion of enlightenment
 b - a potion of curing
 g - a potion of might {unknown}
 i - a potion of magic {unknown}
 j - a potion of attraction {unknown}
 k - 2 potions of mutation {unknown}

Dungeon Overview and Level Annotations

Branches:
Dungeon (5/15)             Temple (0/1) D:4

Altars:
Cheibriados
Dithmenos
Nemelex Xobeh
Okawaru
Ru
Trog
Vehumet

Shops:
D:4 =   D:5 [


Message History

You shoot a sling bullet.
The sling bullet barely misses the gnoll.
The quokka barely misses you. The gnoll bouda completely misses you.
The shadow imp misses you. The gnoll barely misses you.
The gnoll closely misses you.
You shoot a sling bullet. The sling bullet hits the gnoll.
You kill the gnoll!
Okawaru accepts your kill.
The quokka bites you but does no damage.
The shadow imp gestures at you. Pain shoots through your body!
The gnoll bouda barely misses you. The gnoll misses you.
You shoot a sling bullet.
The sling bullet hits the shadow imp but does no damage.
You feel like a meek peon again.
Your attacks no longer feel as feeble.
The quokka bites you but does no damage.
The shadow imp gestures at you. Pain shoots through your body!
The gnoll bouda hits you from afar with a +0 halberd!
The gnoll barely misses you.
4053 ||| INVOKING Heroism.
You gain the combat prowess of a mighty hero.
The quokka barely misses you. The shadow imp misses you.
The quokka closely misses you. The gnoll bouda barely misses you.
The gnoll misses you.
You shoot a sling bullet.
The sling bullet hits the shadow imp but does no damage.
The quokka closely misses you.
You shoot a sling bullet. The sling bullet hits the shadow imp.
The shadow imp is lightly wounded.
The gnoll bouda hits you from afar with a +0 halberd.
The shadow imp barely misses you.
The gnoll hits you from afar with a +0 halberd!
The quokka bites you but does no damage.
You shoot a sling bullet. The sling bullet hits the shadow imp.
The shadow imp is heavily wounded.
The gnoll bouda gazes fiercely through you!
You feel your attacks grow feeble.
The gnoll bouda hits you from afar with a +0 halberd!
You die...

.# #.....###..######.
...####.......##.#8...#.
....#.#......###.##...#.
......#........#...._.#.
.................##...#.
.................#8...#.
.................######.
..................##....
.......@.##........#....
......5r)##.......###...
.)...#gg##..............
.... .Sg..#........#####
... .....#..........# #.
.. ......#...........###
. .....................
.......................
..............


You could see a gnoll bouda, 2 gnolls, an adder, a shadow imp and a quokka.

Vanquished Creatures
  Grinder (D:5)
  A water moccasin (D:5)
  A black bear (D:4)
  A phantom (D:4)
  A bullfrog (D:5)
  2 scorpions (D:4)
  3 hounds
  A jelly (D:3)
  2 sleepcaps
  An iguana (D:5)
  An orc wizard (D:3)
  A statue (D:3)
  A gnoll (D:5)
  An adder (D:2)
  An ufetubus (D:5)
  2 dart slugs
  9 orcs
  5 ball pythons
  3 endoplasms
  8 giant cockroaches
  5 hobgoblins
  3 jackals (D:4)
  13 kobolds
  2 quokkas
  4 bats
  9 goblins
  7 rats
89 creatures vanquished.

Notes
Turn   | Place    | Note
-------+----------+-------------------------------------------
     0 | D:1      | qw the Gargoyle Hexslinger began the quest for the Orb.
     0 | D:1      | Reached XP level 1. HP: 12/12 MP: 2/2
     0 | D:1      | 0 ||| qw: Version: 0.3-a-52-g30416fa
     0 | D:1      | 0 ||| qw: Game counter: 7682
     0 | D:1      | 0 ||| qw: Melee chars always use a shield: true
     0 | D:1      | 0 ||| qw: God list: Okawaru
     0 | D:1      | 0 ||| qw: Allow faded altars: false
     0 | D:1      | 0 ||| qw: Do Orc after clearing Dungeon:15 true
     0 | D:1      | 0 ||| qw: Do second Lair branch before Depths: true
     0 | D:1      | 0 ||| qw: Lair rune preference: random
     0 | D:1      | 0 ||| qw: Goals: Normal
     0 | D:1      | 0 ||| PLANNING D:1-11
    63 | D:1      | 63 ||| FLEEEEING.
    68 | D:1      | 68 ||| FLEEEEING.
   127 | D:1      | Reached XP level 2. HP: 16/16 MP: 3/3
   219 | D:1      | Reached skill level 3 in Ranged Weapons
   365 | D:1      | Reached XP level 3. HP: 21/21 MP: 4/4
   515 | D:1      | 515 ||| UPGRADING to +0 leather armour.
   525 | D:1      | 525 ||| DROPPING +0 robe.
   526 | D:1      | 526 ||| READING scroll labelled AKUHYTH CEOSMUQUU.
   527 | D:1      | 527 ||| READING scroll labelled ZEDAIDGHY VOBUI.
   528 | D:1      | 528 ||| READING scroll labelled UMOUDE AC FIRA.
   529 | D:1      | 529 ||| READING scroll labelled NEGHIU QUEWOT.
   530 | D:1      | 530 ||| DROPPING scroll of poison.
   903 | D:2      | Found an iron altar of Okawaru.
   904 | D:2      | 904 ||| PLANNING OKAWARU WORSHIP
   904 | D:2      | 904 ||| UPGRADING to +0 ring mail.
   914 | D:2      | 914 ||| DROPPING +0 leather armour.
   915 | D:2      | 915 ||| READING scroll labelled SYIRUNG KISOICO.
  1016 | D:2      | 1016 ||| READING scroll labelled QAPPYU CIHI.
  1017 | D:2      | 1017 ||| DRINKING 2 metallic white potions.
  1021 | D:2      | Became a worshipper of Warmaster Okawaru
  1022 | D:2      | 1022 ||| PLANNING D:1-11
  1359 | D:2      | 1359 ||| READING scroll labelled IGETYQ OFURUOJ.
  1360 | D:2      | 1360 ||| READING 2 scrolls of identify.
  1360 | D:2      | 1360 ||| IDENTIFYING viscous brown potion
  1361 | D:2      | 1361 ||| DROPPING potion of lignification.
  1488 | D:3      | Found a radiant altar of Vehumet.
  1488 | D:3      | Noticed a charred statue
  1489 | D:3      | 1489 ||| FLEEEEING.
  1601 | D:3      | 1601 ||| FLEEEEING.
  1660 | D:3      | 1660 ||| FLEEEEING.
  1704 | D:3      | 1704 ||| FLEEEEING.
  1718 | D:3      | Killed a charred statue
  1719 | D:3      | Reached skill level 4 in Ranged Weapons
  1719 | D:3      | Reached XP level 4. HP: 26/26 MP: 5/5
  1775 | D:3      | Reached skill level 1 in Armour
  1930 | D:3      | Reached XP level 5. HP: 12/30 MP: 6/6
  2120 | D:3      | Found a sacrificial altar of Ru.
  2477 | D:3      | 2477 ||| READING scroll labelled ACOMEU JIPH.
  2478 | D:3      | 2478 ||| READING scroll labelled SEPTILL BEIJUE.
  2482 | D:3      | 2482 ||| DRINKING 2 emerald potions.
  2493 | D:4      | Found Izuow's Jewellery Boutique.
  2498 | D:4      | 2498 ||| SHOPLISTING +4 ring of protection (468 gold, have
                  | 127).
  2498 | D:4      | 2498 ||| SHOPLISTING +6 ring of strength (468 gold, have
                  | 127).
  2498 | D:4      | 2498 ||| SHOPLISTING amulet of regeneration (390 gold, have
                  | 127).
  2498 | D:4      | 2498 ||| SHOPLISTING ring "Ogetrow" {rElec rC+} (507 gold,
                  | have 127).
  2498 | D:4      | 2498 ||| SHOPLISTING ring of fire (325 gold, have 127).
  2498 | D:4      | 2498 ||| SHOPLISTING ring of ice (325 gold, have 127).
  2498 | D:4      | 2498 ||| SHOPLISTING ring of resist corrosion (260 gold,
                  | have 127).
  2553 | D:4      | Reached skill level 5 in Ranged Weapons
  2730 | D:4      | Found a staircase to the Ecumenical Temple.
  2751 | D:4      | Reached skill level 3 in Fighting
  2751 | D:4      | Reached XP level 6. HP: 26/38 MP: 7/7
  2762 | D:4      | Reached * piety under Okawaru
  2763 | D:4      | 2763 ||| INVOKING Heroism.
  2938 | D:4      | Found a sparkling altar of Nemelex Xobeh.
  2945 | D:4      | Found a shadowy altar of Dithmenos.
  3070 | D:4      | Noticed a black bear
  3078 | D:4      | HP: 9/38 [black bear (10)]
  3079 | D:4      | 3079 ||| DRINKING 3 potions of heal wounds.
  3080 | D:4      | Killed a black bear
  3081 | D:4      | Reached skill level 6 in Ranged Weapons
  3377 | D:4      | Reached skill level 1 in Invocations
  3377 | D:4      | Reached XP level 7. HP: 43/43 MP: 8/8
  3426 | D:4      | 3426 ||| INVOKING Heroism.
  3484 | D:4      | Found a snail-covered altar of Cheibriados.
  3569 | D:4      | 3569 ||| DRINKING 2 silvery potions.
  3570 | D:4      | 3570 ||| READING 3 scrolls of identify.
  3570 | D:4      | 3570 ||| IDENTIFYING smoky sapphire potion
  3571 | D:4      | 3571 ||| READING 2 scrolls of identify.
  3571 | D:4      | 3571 ||| IDENTIFYING golden potion
  3572 | D:4      | 3572 ||| DROPPING potion of degeneration.
  3573 | D:4      | 3573 ||| DROPPING potion of invisibility.
  3618 | D:5      | Entered Level 5 of the Dungeon
  3632 | D:5      | 3632 ||| INVOKING Heroism.
  3758 | D:5      | Noticed Grinder
  3759 | D:5      | 3759 ||| INVOKING Heroism.
  3760 | D:5      | 3760 ||| INVOKING Heroism.
  3768 | D:5      | Killed Grinder
  3769 | D:5      | Reached skill level 7 in Ranged Weapons
  3823 | D:5      | Reached XP level 8. HP: 43/48 MP: 9/9
  3845 | D:5      | Found Tuusalom's Antique Armour Emporium.
  3898 | D:5      | 3898 ||| INVOKING Heroism.
  3972 | D:5      | 3972 ||| BUYING dyed leather armour (95 gold).
  3972 | D:5      | Bought a dyed leather armour for 95 gold pieces
  3972 | D:5      | 3972 ||| BUYING glowing robe (70 gold).
  3972 | D:5      | Bought a glowing robe for 70 gold pieces
  3972 | D:5      | 3972 ||| SHOPLISTING runed hat (133 gold, have 73).
  3993 | D:5      | Reached skill level 3 in Invocations
  4014 | D:5      | Found a bloodstained altar of Trog.
  4034 | D:5      | 4034 ||| INVOKING Heroism.
  4042 | D:5      | HP: 12/48 [gnoll/+0 halberd[a gnoll bouda] (8)]
  4043 | D:5      | 4043 ||| DRINKING 2 potions of heal wounds.
  4046 | D:5      | 4046 ||| DRINKING potion of heal wounds.
  4053 | D:5      | 4053 ||| INVOKING Heroism.
  4055 | D:5      | HP: 5/48 [gnoll/+0 halberd[a gnoll bouda] (12)]
  4056 | D:5      | Slain by a gnoll bouda

Levels and vault maps discovered:
D:1:      giann_bridges, layout_rooms, minmay_tree_intersection,
          grunt_decor_one_mirror, minmay_liquid_box, minmay_small_reverse_x
D:2:      layout_loops_ring, basic_altar, minmay_misc_feat_doors,
          glass_columns_b, dk_noncrumbling_2, dk_noncrumbling_4
D:3:      layout_loops_corners, vehumet_statue, nicolae_overflow_crystal_walls
D:4:      layout_basic, marbit_many_paths, mainiacjoe_overflow_catwalk_spiral,
          minmay_temple_entry_arrows, serial_shops, shop
D:5:      layout_cave_pools, mainiacjoe_overflow_alcove_2, serial_shops, shop,
          uniq_grinder

Skill      XL: |  1  2  3  4  5  6  7  8 |
---------------+-------------------------+-----
Ranged Weapons | 3 4 5 6 7 |  7.9
Fighting       | 2 3 4 |  4.1
Armour         | 1 |  1.7
Invocations    | 1 2 3 |  3.1
Dodging        | |  1.5
Spellcasting   | |  1.0
Hexes          | |  2.6

Action                     |  1- 3 |  4- 6 |  7- 9 || total
---------------------------+-------+-------+-------++-------
   Fire: Sling             |   104 |   183 |   121 ||   408
 Invoke: Heroism           |       |     1 |     6 ||     7
    Use: Scroll            |     8 |     2 |     2 ||    12
         Potion            |     1 |     2 |     3 ||     6
 Armour: Robe              |     9 |       |       ||     9
         Ring mail         |     6 |    93 |    53 ||   152
         Leather armour    |     3 |       |       ||     3
  Dodge: Dodged            |    14 |    82 |   122 ||   218

Table legend:
 A = Non-vault XP
 B = Vault XP
 C = Vault XP percentage of total XP
 D = Non-vault monster count
 E = Vault monster count
 F = Vault count percentage of total count
                 A         B        C        D         E       F
            +---------+---------+-------+---------+---------+-------
      Total |    1088 |     367 |  25.2 |      82 |       7 |   7.9
            +---------+---------+-------+---------+---------+-------
        D:1 |      29 |       6 |  17.1 |      18 |       4 |  18.2
        D:2 |      36 |       0 |   0.0 |      14 |       0 |   0.0
        D:3 |     104 |      32 |  23.5 |      15 |       1 |   6.2
        D:4 |     514 |      43 |   7.7 |      22 |       1 |   4.3
        D:5 |     405 |     286 |  41.4 |      13 |       1 |   7.1
            +---------+---------+-------+---------+---------+-------
